 Dungeon Crawl Stone Soup version 0.28.0-53-g5a82cb258f (webtiles) character file.

Game seed: 5961221811364629980

18 PentaManta the Ruffian (level 2, 0/24 HPs)
             Began as a Ghoul Gladiator on June 16, 2022.
             Slain by a gnoll
             ... wielding a +2 spear of flaming
              (4 damage)
             ... on level 1 of the Dungeon.
             The game lasted 00:00:36 (379 turns).

PentaManta the Ruffian (Ghoul Gladiator)             Turns: 379, Time: 00:00:37

Health: 0/24       AC:  4    Str: 17    XL:     2   Next: 70%
Magic:  1/1        EV: 12    Int:  3    God:
Gold:   55         SH:  0    Dex: 10    Spells: 1/1 levels left

rFire   . . .      SeeInvis .     - Unarmed
rCold   + . .      Faith    .   (no shield)
rNeg    + + +      Spirit   .   a - +0 leather armour
rPois   ∞          Reflect  .   b - +0 helmet
rElec   .          Harm     .   (no cloak)
rCorr   .          Rampage  .   (no gloves)
Will    .....                   (no boots)
Stlth   +.........              (no amulet)
HPRegen 0.00/turn               (no ring)
MPRegen 0.07/turn               (no ring)

@: inhibited regen
A: claws 1, cold resistance 1, negative energy resistance 3, inhibited
regeneration, torment resistance 2
a: no special abilities


You were on level 1 of the Dungeon.
You visited 1 branch of the dungeon, and saw 1 of its levels.

You collected 55 gold pieces.

Inventory:

Missiles
 c - 2 throwing nets (quivered)
Armour
 a - a +0 leather armour (worn)
 b - a +0 helmet (worn)
Jewellery
 e - a +6 ring of dexterity
Potions
 d - a potion of lignification {unknown}


   Skills:
 - Level 2.1 Fighting
 - Level 1.7 Throwing
 - Level 2.6 Dodging
 + Level 4.3 Unarmed Combat


You had one spell level left.
You didn't know any spells.
Your spell library was empty.

Dungeon Overview and Level Annotations

Branches:
Dungeon (1/15)

Altars:


Innate Abilities, Weirdness & Mutations

You thrive by killing the living.
You are immune to poison.
You have sharp fingernails.
Your flesh is cold resistant. (rC+)
You are immune to negative energy. (rN+++)
You do not regenerate when monsters are visible.
You are immune to unholy pain and torment.


Message History

A rat is nearby!
A rat is nearby!
A bat comes into view.
The bat closely misses you.
You closely miss the bat. The bat barely misses you.
You barely miss the rat. The bat misses you. The rat barely misses you.
You claw the bat!
You kill the bat!
The rat barely misses you.
You scratch the rat.
You kill the rat!
No target in view!
No target in view!
No target in view!
No target in view!
No target in view!
No target in view!
No target in view!
No target in view!
No target in view!
A gnoll comes into view. It is wielding a +2 spear of flaming.
A gnoll is nearby!
A gnoll is nearby!
The gnoll hits you with a +2 spear of flaming.
The gnoll burns you.
You closely miss the gnoll. You closely miss the gnoll.
The gnoll hits you with a +2 spear of flaming!
The gnoll burns you.
You are too injured to fight recklessly!
Throw: 3 throwing nets
Press: ? - help, Q - select action Shift-Dir - straight line, f - gnoll
Aim: a gnoll, wielding a +2 spear of flaming (60% to hit)
You throw a throwing net.
The throwing net barely misses the gnoll.
The throwing net hits the plant.
The net is caught on the plant!
The gnoll hits you with a +2 spear of flaming!
* * * LOW HITPOINT WARNING * * *
The gnoll burns you.
You die...
PPPPPP.PPPPPPP PPPPPP.PPPPPPPPP.P#.# PPPPP.P.PPPPPPP.PP#.# PPPP.PPP.PPPPP.PPP.. ....PPPPP.....PPPP.# P.PPPPPPPPPPPPPPPP.#

##............
....# ...........
#g..# ##.....###.
##@..# #.###.....
#....#
#.....########.#.##
##.#####
#...#.....# ...#
#.....###.#
...#######....## .#
.##...........# .#
..)....†>.....# .#
.............##


You could see a gnoll.

Vanquished Creatures
  A dart slug (D:1)
  3 bats (D:1)
  2 endoplasms (D:1)
  A giant cockroach (D:1)
  A goblin (D:1)
  2 hobgoblins (D:1)
  A quokka (D:1)
  A frilled lizard (D:1)
  3 rats (D:1)
15 creatures vanquished.

Vanquished Creatures (others)
  3 plants (D:1)
3 creatures vanquished.

Grand Total: 18 creatures vanquished

Notes
Turn   | Place    | Note
-------+----------+-------------------------------------------
     0 | D:1      | PentaManta the Ghoul Gladiator began the quest for the Orb.
     0 | D:1      | Reached XP level 1. HP: 17/17 MP: 0/0
    91 | D:1      | Reached XP level 2. HP: 9/24 MP: 1/1
   271 | D:1      | Reached skill level 4 in Unarmed Combat
   379 | D:1      | Slain by a gnoll

Illustrated notes

Levels and vault maps discovered:
D:1:      roderic_crop_circles_arrival_large, layout_rooms

Skill      XL: |  1  2 |
---------------+-------+-----
Unarmed Combat | 4 |  4.3
Fighting       | |  2.1
Throwing       | |  1.7
Dodging        | |  2.6

Action                   || total
-------------------------++-------
Melee: Unarmed           ||    49
Throw: Throwing net      ||     1
Armor: Leather armour    ||    13
Dodge: Dodged            ||    38
